 Dungeon Crawl Stone Soup version 0.28-a0-1404-g4df0f3684d (webtiles) character file.

Game seed: 5075329774816610564

121 HallandMoats the Skirmisher (level 5, -1/46 HPs)
             Began as a Ghoul Fighter on Jan 6, 2022.
             Was an Initiate of Gozag.
             Slain by Terence (12 damage)
             ... on level 3 of the Dungeon.
             The game lasted 00:02:00 (2283 turns).

HallandMoats the Skirmisher (Ghoul Fighter)         Turns: 2283, Time: 00:02:00

Health: -1/46      AC:  6    Str: 20    XL:     5   Next: 5%
Magic:  5/5        EV:  9    Int:  3    God:    Gozag
Gold:   301        SH:  4    Dex: 10    Spells: 4/4 levels left

rFire   . . .      SeeInvis .   a - +0 hand axe (vorpal)
rCold   + . .      Faith    .   c - +0 buckler
rNeg    + + +      Spirit   .   b - +0 scale mail
rPois   ∞          Reflect  .   (no helmet)
rElec   .          Harm     .   (no cloak)
rCorr   .          Rampage  .   (no gloves)
Will    .....                   (no boots)
Stlth   ..........              (no amulet)
HPRegen 0.00/turn               (no ring)
MPRegen 0.09/turn               (no ring)

@: inhibited regen
A: claws 1, cold resistance 1, negative energy resistance 3, inhibited
regeneration, torment resistance 2
a: Renounce Religion, Potion Petition, Call Merchant, Bribe Branch


You were on level 3 of the Dungeon.
You worshipped Gozag.
Gozag was aware of your devotion.
You visited 1 branch of the dungeon, and saw 3 of its levels.

You collected 301 gold pieces.

Inventory:

Hand Weapons
 a - a +0 vorpal hand axe (weapon)
Armour
 b - a +0 scale mail (worn)
 c - a +0 buckler (worn)
Scrolls
 e - a scroll of amnesia {unknown}
 f - a scroll of noise {unknown}
 i - 4 scrolls of identify {unknown}
Potions
 d - a potion of might
 g - a potion of mutation {unknown}
 h - 2 potions of curing {unknown}


   Skills:
 + Level 3.9 Fighting
 * Level 2.8 Axes
 + Level 3.0 Armour
 + Level 1.2 Dodging
 + Level 3.1 Shields
 + Level 1.5 Invocations


You had 4 spell levels left.
You didn't know any spells.
Your spell library was empty.

Dungeon Overview and Level Annotations

Branches:
Dungeon (3/15)

Altars:
Elyvilon
Gozag

Annotations:
D:3 Terence


Innate Abilities, Weirdness & Mutations

You thrive by killing the living.
You are immune to poison.
You have sharp fingernails.
Your flesh is cold resistant. (rC+)
You are immune to negative energy. (rN+++)
You do not regenerate when monsters are visible.
You are immune to unholy pain and torment.


Message History

a +0 short sword; a +0 club; a +0 scale mail A kobold is nearby!
A kobold is nearby!
The kobold barely misses you.
A kobold is nearby!
You hit the kobold.
You kill the kobold!
Terence the Incautious comes into view.
He is wielding a +3 trident of venom and wearing a +2 chain mail of fire resistance.
Things that are here:
4 gold pieces; a +0 dagger Terence is nearby!
You block Terence's attack.
Terence is nearby!
You hit Terence but do no damage. Terence hits you but does no damage.
Terence is nearby!
You hit Terence but do no damage.
Terence hits you with a +3 trident of venom.
Terence is nearby!
You slash Terence!
Terence is heavily wounded.
Terence hits you with a +3 trident of venom. x2
Terence is nearby!
You are too injured to fight recklessly!
Terence is nearby!
Terence hits you from afar with a +3 trident of venom.
Things that are here:
4 gold pieces; a +0 dagger You block Terence's attack.
Things that are here:
a +0 mace of protection; a +0 whip You see here 6 gold pieces.
Terence barely misses you.
Terence hits you with a +3 trident of venom!
* * * LOW HITPOINT WARNING * * *
You closely miss Terence.
Terence is heavily wounded.
You block Terence's attack.
Terence hits you with a +3 trident of venom!
You die...
Your body crumbles into a pile of gold.

...... ...... ......
......#### #.......#
#....<..# #.......#
#.......# #.....@$#
#......@.# ..........#
..###.###$###############
.. #.#....).............
#.#.###))##############
.....#..# ..###.#.#..#
........$..#


You could see Terence.

Vanquished Creatures
  An orc priest (D:3)
  3 adders (D:2)
  2 worms
  4 orcs (D:3)
  4 bats
  8 endoplasms
  A giant cockroach (D:2)
  5 goblins
  4 hobgoblins
  4 jackals (D:2)
  7 kobolds
  2 quokkas
  5 ball pythons
  4 rats
54 creatures vanquished.

Vanquished Creatures (others)
  A plant (D:1)
1 creature vanquished.

Grand Total: 55 creatures vanquished

Notes
Turn   | Place    | Note
-------+----------+-------------------------------------------
     0 | D:1      | HallandMoats the Ghoul Fighter began the quest for the Orb.
     0 | D:1      | Reached XP level 1. HP: 19/19 MP: 0/0
   343 | D:1      | Reached XP level 2. HP: 26/26 MP: 1/1
   427 | D:1      | Found a faded altar of an unknown god.
  1066 | D:1      | Prayed at the altar of an unknown god.
  1066 | D:1      | Became a worshipper of Gozag Ym Sagoz the Greedy
  1165 | D:2      | Reached XP level 3. HP: 31/31 MP: 2/2
  1392 | D:2      | Reached skill level 1 in Invocations
  1851 | D:2      | Reached skill level 1 in Dodging
  1851 | D:2      | Reached XP level 4. HP: 40/40 MP: 3/3
  2241 | D:3      | Reached XP level 5. HP: 31/46 MP: 5/5
  2263 | D:3      | Noticed Terence
  2283 | D:3      | Slain by Terence

Illustrated notes

Levels and vault maps discovered:
D:1:      onia_arrival_mini_maze, layout_loops_cross,
          dreamdust_ecumenical_altar_hidden_monk_grotto
D:2:      layout_loops_ring, basic_altar
D:3:      layout_basic, grunt_temple_overflow_open, minmay_misc_feat_roman,
          uniq_terence

Skill      XL: |  1  2  3  4 |
---------------+-------------+-----
Axes           | 2 |  2.8
Invocations    | 1 |  1.5
Dodging        | 1 |  1.2
Shields        | 3 |  3.1
Armour         | 3 |  3.0
Fighting       | |  3.9

Action                   |  1- 3 |  4- 6 || total
-------------------------+-------+-------++-------
Melee: War axe           |   139 |    16 ||   155
       Hand axe          |       |    31 ||    31
Armor: Scale mail        |    85 |    20 ||   105
Dodge: Dodged            |    93 |    18 ||   111
Block: Buckler           |    26 |     9 ||    35

Table legend: (Time is in decaauts)
 A = Elapsed time spent in this place.
 B = Non-inter-level travel time spent in this place.
 C = Inter-level travel time spent in this place.
 D = Time resting spent in this place.
 E = Time spent auto-exploring this place.
 F = Levels seen in this place.
 G = Mean time per level.
                   A        B        C        D        E       F      G
               +--------+--------+--------+--------+--------+-----+--------+
         Total |   2356 |   2221 |    135 |      0 |   1783 |   3 |  785.3 |
       Dungeon |   2356 |   2221 |    135 |      0 |   1783 |   3 |  785.3 |
               +--------+--------+--------+--------+--------+-----+--------+

Top non-repeatable levels by time:
     D:1: 1124 daAuts
     D:2: 958 daAuts
     D:3: 273 daAuts
